PAA
MERCER ISLAND SCREAMING EAGLES @ SUN PRAIRIE SWALLOWS
09/02/2022
 
TOP OF THE 1ST
Mercer Island Screaming Eagles batting - Pitching for Sun Prairie Swallows : RHP Scott Woodger
Pitching: RHP Scott Woodger
Batting: RHB Ted Cook 0-0: Foul Ball, location: 2F
0-1: Ball
1-1: Foul Ball, location: 2F
1-2: Fly out, F9 (Flyball, 4D)
Batting: LHB Gregg Young 0-0: Called Strike
0-1: Ball
1-1: Foul Ball, location: 2F
1-2: Foul Ball, location: 2F
1-2: Ball
2-2: Ball
3-2: Ground out 6-3 (Groundball, 6M)
Batting: RHB Jason Ruffin 0-0: Ball
1-0: Ball
2-0: Ball
3-0: Called Strike
3-1: Base on Balls
Batting: RHB Luis Antonio Hernández 0-0: Fly out, F7 (Flyball, 78S)
Top of the 1st over - 0 run(s), 0 hit(s), 0 error(s), 1 left on base; Mercer Island 0 - Sun Prairie 0
BOTTOM OF THE 1ST
Sun Prairie Swallows batting - Pitching for Mercer Island Screaming Eagles : LHP Juan Méndez
Pitching: LHP Juan Méndez
Batting: RHB José Silva 0-0: Ball
1-0: Called Strike
1-1: Foul Ball, location: 2F
1-2: Ball
2-2: Foul Ball, location: 2F
2-2: Foul Ball, location: 2F
2-2: Foul Ball, location: 2F
2-2: DOUBLE (Groundball, 5L)
Batting: RHB Bob Wilson 0-0: Fly out, F9 (Flyball, 9S)
Batting: RHB José Carlos Ramos 0-0: Called Strike
0-1: Ball
1-1: Ball
2-1: Ball
3-1: Foul Ball, location: 2F
3-2: Ground out 5-3 (Groundball, 56S)
José Silva to third
Batting: RHB Scott Forrest 0-0: Ball
1-0: Ball
Wild Pitch!
José Silva scores
2-0: Called Strike
2-1: Foul Ball, location: 2F
2-2: Fly out, F8 (Flyball, 8RD)
Bottom of the 1st over - 1 run(s), 1 hit(s), 0 error(s), 0 left on base; Mercer Island 0 - Sun Prairie 1
TOP OF THE 2ND
Mercer Island Screaming Eagles batting - Pitching for Sun Prairie Swallows : RHP Scott Woodger
Batting: LHB Jorge Pérez 0-0: Called Strike
0-1: Ball
1-1: Ground out 3-1 (Groundball, 34)
Batting: RHB Shawn McCormack 0-0: Swinging Strike
0-1: Called Strike
0-2: Foul Ball, location: 2F
0-2: Strikes out swinging
Batting: RHB Mario Blanco 0-0: Ball
1-0: Ball
2-0: Ball
3-0: Base on Balls
Batting: SHB Andrew Baker 0-0: Foul Ball, location: 2F
0-1: Ball
1-1: Swinging Strike
1-2: Ball
2-2: Foul Ball, location: 2F
2-2: Hit by Pitch
Mario Blanco to second
Batting: RHB Alan Rosales 0-0: Ball
1-0: Ball
2-0: Called Strike
2-1: Swinging Strike
2-2: Strikes out swinging
Top of the 2nd over - 0 run(s), 0 hit(s), 0 error(s), 2 left on base; Mercer Island 0 - Sun Prairie 1
BOTTOM OF THE 2ND
Sun Prairie Swallows batting - Pitching for Mercer Island Screaming Eagles : LHP Juan Méndez
Batting: RHB Marcos Rivera 0-0: Foul Ball, location: 2F
0-1: Ball
1-1: Foul Ball, location: 2F
1-2: Ground out 6-3 (Groundball, 6)
Batting: RHB Reece White 0-0: Ball
1-0: Ball
2-0: Ball
3-0: Called Strike
3-1: Called Strike
3-2: Base on Balls
Batting: RHB Matías Torrella 0-0: Ball
1-0: Ground out 5-3 (Groundball, 5S)
Reece White to second
Batting: RHB Darby Carveth 0-0: Called Strike
0-1: Ball
1-1: Ball
2-1: Called Strike
2-2: Strikes out looking
Bottom of the 2nd over - 0 run(s), 0 hit(s), 0 error(s), 1 left on base; Mercer Island 0 - Sun Prairie 1
TOP OF THE 3RD
Mercer Island Screaming Eagles batting - Pitching for Sun Prairie Swallows : RHP Scott Woodger
Batting: RHB Ted Cook 0-0: Reached on error, E1 (Groundball, 13S)
Batting: LHB Gregg Young 0-0: Ball
1-0: Ball
2-0: Ball
3-0: Base on Balls
Batting: RHB Jason Ruffin 0-0: Swinging Strike
0-1: Ball
1-1: Called Strike
1-2: Strikes out swinging
Batting: RHB Luis Antonio Hernández 0-0: Called Strike
0-1: Foul Ball, location: 2F
0-2: Strikes out swinging
Batting: LHB Jorge Pérez 0-0: Foul Ball, location: 2F
0-1: Ball
1-1: SINGLE (Line Drive, 8LS)
Ted Cook to third
Gregg Young to second
Batting: RHB Shawn McCormack 0-0: Fly out, F1 (Popup, 13S)
Top of the 3rd over - 0 run(s), 1 hit(s), 1 error(s), 3 left on base; Mercer Island 0 - Sun Prairie 1
BOTTOM OF THE 3RD
Sun Prairie Swallows batting - Pitching for Mercer Island Screaming Eagles : LHP Juan Méndez
Batting: RHB Joel Frazier 0-0: Ball
1-0: Ball
2-0: Ball
3-0: Base on Balls
Batting: RHB José Silva 0-0: Ball
1-0: Foul Ball, location: 2F
1-1: Ball
2-1: Ground out 5-3 (Groundball, 5S)
Joel Frazier to second
Batting: RHB Bob Wilson 0-0: DOUBLE (Groundball, 5L)
Joel Frazier scores
Batting: RHB José Carlos Ramos 0-0: Ball
1-0: Fly out, F6 (Popup, 6MD)
Batting: RHB Scott Forrest 0-0: Swinging Strike
0-1: Foul Ball, location: 2F
0-2: SINGLE (Line Drive, 8LS)
Bob Wilson to third
Batting: RHB Marcos Rivera 0-0: Foul Ball, location: 2F
0-1: Ball
1-1: Called Strike
1-2: Ground out 6-3 (Groundball, 6)
Bottom of the 3rd over - 1 run(s), 2 hit(s), 0 error(s), 2 left on base; Mercer Island 0 - Sun Prairie 2
TOP OF THE 4TH
Mercer Island Screaming Eagles batting - Pitching for Sun Prairie Swallows : RHP Scott Woodger
Batting: RHB Mario Blanco 0-0: Called Strike
0-1: Ball
1-1: Ground out 5-3 (Groundball, 5S)
Batting: SHB Andrew Baker 0-0: Ball
1-0: DOUBLE (Flyball, 9LS)
Batting: RHB Alan Rosales 0-0: Foul Ball, location: 2F
0-1: Ball
1-1: Reached on Error, E2 (Popup, 2L)
Andrew Baker to third
Batting: RHB Ted Cook 0-0: Ball
1-0: Ball
2-0: Ball
3-0: Called Strike
3-1: SINGLE (Groundball, 4D)
Andrew Baker scores
Alan Rosales to second
Runner from 2nd tries for 3rd, OUT!
Ted Cook to second
Batting: LHB Gregg Young 0-0: Ball
1-0: Foul Ball, location: 2F
1-1: Ball
2-1: Ball
3-1: Foul Ball, location: 2F
3-2: Base on Balls
Batting: RHB Jason Ruffin 0-0: Reached on error, E2 (Groundball, 2R)
Ted Cook scores
Gregg Young to third
Batting: RHB Luis Antonio Hernández 0-0: Fly out, F4 (Popup, 4S)
Top of the 4th over - 2 run(s), 2 hit(s), 2 error(s), 2 left on base; Mercer Island 2 - Sun Prairie 2
BOTTOM OF THE 4TH
Sun Prairie Swallows batting - Pitching for Mercer Island Screaming Eagles : LHP Juan Méndez
Batting: RHB Reece White 0-0: Ground out 2-3 (Groundball, 2R)
Batting: RHB Matías Torrella 0-0: Called Strike
0-1: Ball
1-1: Foul Ball, location: 2F
1-2: Ball
2-2: Strikes out swinging
Batting: RHB Darby Carveth 0-0: Called Strike
0-1: Called Strike
0-2: Ball
1-2: Ground out 5-3 (Groundball, 5)
Bottom of the 4th over - 0 run(s), 0 hit(s), 0 error(s), 0 left on base; Mercer Island 2 - Sun Prairie 2
TOP OF THE 5TH
Mercer Island Screaming Eagles batting - Pitching for Sun Prairie Swallows : RHP Scott Woodger
Batting: LHB Jorge Pérez 0-0: Fly out, F8 (Flyball, 8RD)
Batting: RHB Shawn McCormack 0-0: Ball
1-0: Called Strike
1-1: Ground out 6-3 (Groundball, 6)
Batting: RHB Mario Blanco 0-0: Ball
1-0: Foul Ball, location: 2F
1-1: Ball
2-1: Ball
3-1: Base on Balls
Pitching: RHP Clarence Lee
Batting: SHB Andrew Baker 0-0: Ball
1-0: Called Strike
1-1: Ball
2-1: Ball
3-1: Base on Balls
Mario Blanco to second
Batting: RHB Alan Rosales 0-0: Swinging Strike
0-1: Swinging Strike
0-2: Foul Ball, location: 2F
0-2: Ball
1-2: Strikes out swinging
Top of the 5th over - 0 run(s), 0 hit(s), 0 error(s), 2 left on base; Mercer Island 2 - Sun Prairie 2
BOTTOM OF THE 5TH
Sun Prairie Swallows batting - Pitching for Mercer Island Screaming Eagles : LHP Juan Méndez
Batting: RHB Joel Frazier 0-0: Ball
1-0: Ball
2-0: Swinging Strike
2-1: Foul Ball, location: 2F
2-2: Ball
3-2: Ground out 6-3 (Groundball, 56)
Batting: RHB José Silva 0-0: Ball
1-0: Ball
2-0: Ball
3-0: Called Strike
3-1: Fly out, F4 (Popup, 34D)
Batting: RHB Bob Wilson 0-0: Ground out 5-3 (Groundball, 5)
Bottom of the 5th over - 0 run(s), 0 hit(s), 0 error(s), 0 left on base; Mercer Island 2 - Sun Prairie 2
TOP OF THE 6TH
Mercer Island Screaming Eagles batting - Pitching for Sun Prairie Swallows : RHP Clarence Lee
Batting: RHB Ted Cook 0-0: Ball
1-0: Ball
2-0: Called Strike
2-1: Foul Ball, location: 2F
2-2: Foul Ball, location: 2F
2-2: Foul Ball, location: 2F
2-2: Foul Ball, location: 2F
2-2: Ball
3-2: Strikes out swinging
Batting: LHB Gregg Young 0-0: Swinging Strike
0-1: Foul Ball, location: 2F
0-2: Foul Ball, location: 2F
0-2: Ball
1-2: Foul Ball, location: 2F
1-2: Foul Ball, location: 2F
1-2: Ball
2-2: Ball
3-2: Fly out, F7 (Flyball, 7M)
Batting: RHB Jason Ruffin 0-0: Ball
1-0: Swinging Strike
1-1: Ball
2-1: Ball
3-1: Base on Balls
Batting: RHB Luis Antonio Hernández 0-0: SINGLE (Flyball, 78S)
Jason Ruffin to second
Batting: LHB Jorge Pérez 0-0: Ball
1-0: Ground out 4-3 (Groundball, 34)
Top of the 6th over - 0 run(s), 1 hit(s), 0 error(s), 2 left on base; Mercer Island 2 - Sun Prairie 2
BOTTOM OF THE 6TH
Sun Prairie Swallows batting - Pitching for Mercer Island Screaming Eagles : LHP Juan Méndez
Batting: RHB José Carlos Ramos 0-0: Ball
1-0: Called Strike
1-1: Ball
2-1: Ball
3-1: Base on Balls
Batting: RHB Scott Forrest 0-0: Ground out 5-3 (Groundball, 5S)
José Carlos Ramos to second
Batting: RHB Marcos Rivera 0-0: Ball
1-0: Ground out 5-3 (Groundball, 5)
Batting: RHB Reece White 0-0: Ball
1-0: Ground out 4-3 (Groundball, 4)
Bottom of the 6th over - 0 run(s), 0 hit(s), 0 error(s), 1 left on base; Mercer Island 2 - Sun Prairie 2
TOP OF THE 7TH
Mercer Island Screaming Eagles batting - Pitching for Sun Prairie Swallows : RHP Clarence Lee
Pinch Hitting: RHB Paul Campbell 0-0: Ball
1-0: Called Strike
1-1: SINGLE (Flyball, 78S)
Batting: RHB Mario Blanco 0-0: Bunted foul
0-1: Bunted foul
0-2: Ball
1-2: Strikes out looking
Batting: SHB Andrew Baker 0-0: Ball
1-0: Ball
2-0: Ball
3-0: Base on Balls
Paul Campbell to second
Pinch Hitting: SHB Ray Davis 0-0: SINGLE (Groundball, 15) (infield hit)
Paul Campbell to third
Andrew Baker to second
Batting: RHB Ted Cook 0-0: Ball
1-0: Called Strike
1-1: SINGLE (Line Drive, 4D)
Paul Campbell scores
Andrew Baker to third
Ray Davis to second
Pitching: RHP Emory Bryant
Batting: LHB Gregg Young 0-0: Foul Ball, location: 2F
0-1: Swinging Strike
0-2: Ball
1-2: Strikes out swinging
Batting: RHB Jason Ruffin 0-0: Called Strike
0-1: Ball
1-1: Ground out U3 (Groundball, 3S)
Top of the 7th over - 1 run(s), 3 hit(s), 0 error(s), 3 left on base; Mercer Island 3 - Sun Prairie 2
BOTTOM OF THE 7TH
Sun Prairie Swallows batting - Pitching for Mercer Island Screaming Eagles : LHP Juan Méndez
Now in CF: Paul Campbell
Now in RF: Mike Kelly
Batting: RHB Matías Torrella 0-0: Called Strike
0-1: Ball
1-1: Ball
2-1: Ball
3-1: Base on Balls
Batting: RHB Darby Carveth 0-0: Bunted foul
0-1: Ball
1-1: Ball
2-1: Ball
3-1: Sac Bunt - play at first, batter OUT! 2-4
Matías Torrella to second
Batting: RHB Joel Frazier 0-0: Called Strike
0-1: Ball
1-1: Called Strike
1-2: Foul Ball, location: 2F
1-2: Ball
Wild Pitch!
Matías Torrella to third
2-2: Strikes out swinging
Batting: RHB José Silva 0-0: Ball
1-0: Ball
2-0: Called Strike
2-1: Ground out 4-3 (Groundball, 4M)
Bottom of the 7th over - 0 run(s), 0 hit(s), 0 error(s), 1 left on base; Mercer Island 3 - Sun Prairie 2
TOP OF THE 8TH
Mercer Island Screaming Eagles batting - Pitching for Sun Prairie Swallows : RHP Emory Bryant
Batting: RHB Luis Antonio Hernández 0-0: Ball
1-0: Ball
2-0: Called Strike
2-1: Ball
3-1: Called Strike
3-2: Base on Balls
Batting: LHB Jorge Pérez 0-0: Ball
1-0: Fly out, F4 (Line Drive, 4)
1-0: Lined into DP, 4-3 (Line Drive, 4)
Batting: RHB Paul Campbell 0-0: Ball
1-0: Reached on error, E6 (Groundball, 6M)
Pinch Hitting: LHB Nelson Plasenia 0-0: Called Strike
0-1: DOUBLE (Line Drive, 3L)
Paul Campbell scores
Batting: SHB Andrew Baker 0-0: SINGLE (Groundball, 25) (infield hit)
Nelson Plasenia to third
Pinch Hitting: SHB Miguel Pérez 0-0: Called Strike
0-1: Foul Ball, location: 2F
0-2: Fly out, F8 (Line Drive, 8RS)
Top of the 8th over - 1 run(s), 2 hit(s), 1 error(s), 2 left on base; Mercer Island 4 - Sun Prairie 2
BOTTOM OF THE 8TH
Sun Prairie Swallows batting - Pitching for Mercer Island Screaming Eagles : LHP Juan Méndez
Pitching: RHP Pedro Álvarez
Now at SS: Nelson Plasenia
Now in RF: Júlio Molina
Batting: RHB Bob Wilson 0-0: Swinging Strike
0-1: Foul Ball, location: 2F
0-2: Ball
1-2: Ground out 5-3 (Groundball, 56)
Batting: RHB José Carlos Ramos 0-0: Ball
1-0: Foul Ball, location: 2F
1-1: Ground out 5-3 (Groundball, 56)
Batting: RHB Scott Forrest 0-0: Ball
1-0: Called Strike
1-1: Ball
2-1: Ball
3-1: Base on Balls
Batting: RHB Marcos Rivera Single, Error in OF, E9, batter to second base
Scott Forrest to third
Pinch Hitting: LHB Bobby Moore 0-0: DOUBLE (Line Drive, 9LS)
Scott Forrest scores
Marcos Rivera scores
Batting: RHB Matías Torrella 0-0: Intentional Walk
Pinch Hitting: SHB Chris Murray 0-0: Ball
1-0: Ball
2-0: SINGLE (Line Drive, 56)
Bobby Moore to third
Matías Torrella to second
Runner from 3rd tries for Home, SAFE, no throw or cutoff
Pitching: RHP Mario Pérez
Pinch Hitting: SHB Christos Galpin 0-0: Ball
1-0: Fly out, F7 (Flyball, 7M)
Bottom of the 8th over - 3 run(s), 3 hit(s), 1 error(s), 2 left on base; Mercer Island 4 - Sun Prairie 5
TOP OF THE 9TH
Mercer Island Screaming Eagles batting - Pitching for Sun Prairie Swallows : RHP Emory Bryant
Pitching: RHP Will Benton
Now at 2B: Aurelio Costello
Now at SS: Julián Rocha
Now in LF: Bobby Moore
Batting: RHB Ted Cook 0-0: Ball
1-0: Called Strike
1-1: Called Strike
1-2: Foul Ball, location: 2F
1-2: Ball
2-2: Foul Ball, location: 2F
2-2: Strikes out looking
Batting: LHB Gregg Young 0-0: Ball
1-0: Foul Ball, location: 2F
1-1: Fly out, F7 (Flyball, 7M)
Batting: RHB Jason Ruffin 0-0: Ball
1-0: Ball
2-0: Ground out 5-3 (Groundball, 5L)
Top of the 9th over - 0 run(s), 0 hit(s), 0 error(s), 0 left on base; Mercer Island 4 - Sun Prairie 5
This league is powered by Out of the Park Baseball, the baseball management simulation game for PC, Mac and Linux
Friday, April 15th, 2016 - OOTP Baseball 16.9 Build 39